MID
WEST MICHIGAN WHITECAPS @ QUAD CITIES RIVER BANDITS
06/16/2044
 
TOP OF THE 1ST
West Michigan Whitecaps batting - Pitching for Quad Cities River Bandits : RHP Manny Bonilla
Pitching: RHP Manny Bonilla
Batting: RHB Dan Becvar 0-0: Called Strike
0-1: Ball
1-1: Ball
2-1: SINGLE (Line Drive, 56D, EV 94.4 MPH)
Batting: RHB Travis Newton 0-0: Ball
1-0: Foul Ball, location: 2F
1-1: Ball
Dan Becvar steals 2nd base
2-1: Swinging Strike
2-2: Strikes out swinging
Batting: RHB Bill Cabrera 0-0: Ball
1-0: TRIPLE (Flyball, 9D, EV 96.9 MPH)
Dan Becvar scores
Batting: RHB Jon Pierce 0-0: Ball
1-0: Called Strike
1-1: Foul Ball, location: 2F
1-2: Ball
2-2: Ball
3-2: Base on Balls
Batting: RHB Vince Chipman 0-0: Ball
1-0: Called Strike
1-1: SINGLE (Line Drive, 6M, EV 98.1 MPH)
Bill Cabrera scores
Jon Pierce to second
Batting: RHB Jordan Hall 0-0: Called Strike
0-1: Ball
1-1: Ball
2-1: Foul Ball, location: 2F
2-2: Strikes out looking
Batting: RHB Sergio Valbuena 0-0: Ball
1-0: Foul Ball, location: 2F
1-1: Ball
2-1: Foul Ball, location: 2F
2-2: DOUBLE (Line Drive, 9LM, EV 106.9 MPH)
Jon Pierce scores
Vince Chipman to third
Runner from 3rd tries for Home, throw by RF and OUT! 9-4-2
Top of the 1st over - 3 runs, 4 hits, 0 errors, 1 left on base; West Michigan 3 - Quad Cities 0
BOTTOM OF THE 1ST
Quad Cities River Bandits batting - Pitching for West Michigan Whitecaps : RHP Jason Mucci
Pitching: RHP Jason Mucci
Batting: LHB Dylan LaRose 0-0: Ball
1-0: Called Strike
1-1: Ball
2-1: Ground out 3-1 (Groundball, 34S, EV 85.6 MPH)
Batting: RHB Joe Cook 0-0: Swinging Strike
0-1: Called Strike
0-2: SINGLE (Groundball, 56S, EV 68.1 MPH) (infield hit)
Batting: RHB Pete Isley 0-0: Called Strike
Joe Cook steals 2nd base (no throw)
0-1: Ball
1-1: Fly out, F9 (Flyball, 89M, EV 90.6 MPH)
Batting: RHB Jamie Jennings 0-0: Ball
1-0: Ball
2-0: Ball
3-0: Base on Balls
Batting: SHB Paskar Adegoke 0-0: Foul Ball, location: 2F
0-1: Ball
1-1: Ball
2-1: Ball
3-1: Foul Ball, location: 2F
3-2: Fly out, F9 (Flyball, 9D, EV 90.0 MPH)
Bottom of the 1st over - 0 runs, 1 hit, 0 errors, 2 left on base; West Michigan 3 - Quad Cities 0
TOP OF THE 2ND
West Michigan Whitecaps batting - Pitching for Quad Cities River Bandits : RHP Manny Bonilla
Batting: RHB Rocky Hart 0-0: Called Strike
0-1: Called Strike
0-2: SINGLE (Groundball, 56D, EV 105.6 MPH)
Batting: RHB Jamie Bass 0-0: Called Strike
Rocky Hart steals 2nd base
0-1: Ball
1-1: SINGLE (Line Drive, 34, EV 95.0 MPH)
Rocky Hart to third
Batting: RHB Dan Becvar 0-0: Called Strike
0-1: Fielders Choice at 2nd, 4-6 (Groundball, 4, EV 80.0 MPH)
Rocky Hart scores
Batting: RHB Travis Newton 0-0: Called Strike
Dan Becvar steals 2nd, throwing error, E2
Dan Becvar to third
0-1: Ball
1-1: Ground out 6-3 (Groundball, 6, EV 75.6 MPH)
Dan Becvar scores
Batting: RHB Bill Cabrera 0-0: Ball
1-0: Ball
2-0: Ball
3-0: Called Strike
3-1: Fly out, F9 (Flyball, 89M, EV 83.8 MPH)
Top of the 2nd over - 2 runs, 2 hits, 1 error, 0 left on base; West Michigan 5 - Quad Cities 0
BOTTOM OF THE 2ND
Quad Cities River Bandits batting - Pitching for West Michigan Whitecaps : RHP Jason Mucci
Batting: RHB Colin Cranford 0-0: Ball
1-0: Foul Ball, location: 2F
1-1: Swinging Strike
1-2: Ball
2-2: Strikes out swinging
Batting: RHB Steve Moore 0-0: Swinging Strike
0-1: Ball
1-1: Ball
2-1: SINGLE (Flyball, 8RS, EV 94.4 MPH)
Batting: RHB Ben Glavich 0-0: Foul Ball, location: 2F
0-1: Ball
Wild Pitch!
Steve Moore to second
1-1: Swinging Strike
1-2: Ball
2-2: Strikes out swinging
Batting: LHB Ray Fernandez 0-0: Ball
1-0: Foul Ball, location: 2F
1-1: Called Strike
1-2: Foul Ball, location: 2F
1-2: Strikes out swinging
Bottom of the 2nd over - 0 runs, 1 hit, 0 errors, 1 left on base; West Michigan 5 - Quad Cities 0
TOP OF THE 3RD
West Michigan Whitecaps batting - Pitching for Quad Cities River Bandits : RHP Manny Bonilla
Batting: RHB Jon Pierce 0-0: Ball
1-0: Foul Ball, location: 2F
1-1: Ball
2-1: Ball
3-1: Base on Balls
Batting: RHB Vince Chipman 0-0: Called Strike
0-1: Ball
1-1: Foul Ball, location: 2F
1-2: Ball
2-2: DOUBLE (Flyball, 78D, EV 108.1 MPH)
Jon Pierce to third
Batting: RHB Jordan Hall 0-0: Ball
1-0: Ball
2-0: Ball
3-0: Called Strike
3-1: Called Strike
3-2: Strikes out swinging
Batting: RHB Sergio Valbuena 0-0: Swinging Strike
0-1: Ball
1-1: Ball
2-1: Ball
3-1: Base on Balls
Batting: RHB Rocky Hart 0-0: Ball
1-0: Ball
2-0: Called Strike
2-1: Ball
3-1: Foul Ball, location: 2F
3-2: Base on Balls
Jon Pierce scores
Vince Chipman to third
Sergio Valbuena to second
Batting: RHB Jamie Bass 0-0: SINGLE (Groundball, 56D, EV 105.0 MPH)
Vince Chipman scores
Sergio Valbuena to third
Rocky Hart to second
Runner from 3rd tries for Home, SAFE, throw by LF to home
Pitching: RHP Joe Rivin
Batting: RHB Dan Becvar 0-0: Foul Ball, location: 2F
0-1: Foul Ball, location: 2F
0-2: Ball
1-2: Strikes out swinging
Batting: RHB Travis Newton 0-0: Ball
1-0: Foul Ball, location: 2F
1-1: Ground out 5-3 (Groundball, 56S, EV 87.5 MPH)
Top of the 3rd over - 3 runs, 2 hits, 0 errors, 2 left on base; West Michigan 8 - Quad Cities 0
BOTTOM OF THE 3RD
Quad Cities River Bandits batting - Pitching for West Michigan Whitecaps : RHP Jason Mucci
Batting: LHB Dylan LaRose 0-0: Ball
1-0: Ball
2-0: Called Strike
2-1: Ground out 4-3 (Groundball, 4, EV 88.8 MPH)
Batting: RHB Joe Cook 0-0: Ground out 4-3 (Groundball, 4, EV 105.6 MPH)
Batting: RHB Pete Isley 0-0: Ball
1-0: Ball
2-0: Called Strike
2-1: Foul Ball, location: 2F
2-2: Fly out, F8 (Flyball, 8RD, EV 100.0 MPH)
Bottom of the 3rd over - 0 runs, 0 hits, 0 errors, 0 left on base; West Michigan 8 - Quad Cities 0
TOP OF THE 4TH
West Michigan Whitecaps batting - Pitching for Quad Cities River Bandits : RHP Joe Rivin
Batting: RHB Bill Cabrera 0-0: Ball
1-0: Foul Ball, location: 2F
1-1: Ball
2-1: Called Strike
2-2: Foul Ball, location: 2F
2-2: Ball
3-2: Strikes out swinging
Batting: RHB Jon Pierce 0-0: Called Strike
0-1: Swinging Strike
0-2: Ball
1-2: Strikes out swinging, 2-3 out at first.
Batting: RHB Vince Chipman 0-0: Called Strike
0-1: Ball
1-1: Called Strike
1-2: Foul Ball, location: 2F
1-2: Foul Ball, location: 2F
1-2: Strikes out swinging
Top of the 4th over - 0 runs, 0 hits, 0 errors, 0 left on base; West Michigan 8 - Quad Cities 0
BOTTOM OF THE 4TH
Quad Cities River Bandits batting - Pitching for West Michigan Whitecaps : RHP Jason Mucci
Batting: RHB Jamie Jennings 0-0: Ball
1-0: SINGLE (Line Drive, 6D, EV 102.5 MPH)
Batting: SHB Paskar Adegoke 0-0: Ball
1-0: SINGLE (Groundball, 34D, EV 103.8 MPH)
Jamie Jennings to second
Batting: RHB Colin Cranford 0-0: Called Strike
0-1: Ball
1-1: Called Strike
1-2: Foul Ball, location: 2F
1-2: Foul Ball, location: 2F
1-2: Foul Ball, location: 2F
1-2: Foul Ball, location: 2F
1-2: Strikes out looking
Batting: RHB Steve Moore 0-0: Foul Ball, location: 2F
0-1: Ball
1-1: Ball
2-1: Fielders Choice at 2nd, 3-6 (Groundball, 3, EV 82.5 MPH)
Jamie Jennings to third
Batting: RHB Ben Glavich 0-0: Ball
1-0: Ball
Wild Pitch!
Jamie Jennings scores
Steve Moore to second
2-0: SINGLE (Groundball, 34D, EV 101.9 MPH)
Steve Moore to third
Runner from 3rd tries for Home, throw by RF and OUT! 9-2
Bottom of the 4th over - 1 run, 3 hits, 0 errors, 1 left on base; West Michigan 8 - Quad Cities 1
TOP OF THE 5TH
West Michigan Whitecaps batting - Pitching for Quad Cities River Bandits : RHP Joe Rivin
Batting: RHB Jordan Hall 0-0: Called Strike
0-1: Called Strike
0-2: Ball
1-2: Ball
2-2: Hit by Pitch
Pitching: RHP Justin Coney
Batting: RHB Sergio Valbuena 0-0: Called Strike
0-1: Swinging Strike
0-2: Strikes out looking
Batting: RHB Rocky Hart 0-0: Foul Ball, location: 2F
0-1: Reached on error, E6 (Groundball, 4M, EV 100.0 MPH)
Jordan Hall to second
Batting: RHB Jamie Bass 0-0: Ball
1-0: Ball
2-0: Foul Ball, location: 2F
2-1: Ball
3-1: Base on Balls
Jordan Hall to third
Rocky Hart to second
Batting: RHB Dan Becvar 0-0: Ball
1-0: Ball
2-0: Foul Ball, location: 2F
2-1: Foul Ball, location: 2F
2-2: Foul Ball, location: 2F
2-2: Foul Ball, location: 2F
2-2: Grounds into double play, 6-4-3 (Groundball, 6, EV 98.1 MPH)
Top of the 5th over - 0 runs, 0 hits, 1 error, 2 left on base; West Michigan 8 - Quad Cities 1
BOTTOM OF THE 5TH
Quad Cities River Bandits batting - Pitching for West Michigan Whitecaps : RHP Jason Mucci
Batting: LHB Ray Fernandez 0-0: Called Strike
0-1: Fly out, F8 (Flyball, 8LXD, EV 102.5 MPH)
Batting: LHB Dylan LaRose 0-0: Ball
1-0: Fly out, F7 (Line Drive, 7, EV 96.9 MPH)
Batting: RHB Joe Cook 0-0: Ground out 4-3 (Groundball, 34, EV 103.8 MPH)
Bottom of the 5th over - 0 runs, 0 hits, 0 errors, 0 left on base; West Michigan 8 - Quad Cities 1
TOP OF THE 6TH
West Michigan Whitecaps batting - Pitching for Quad Cities River Bandits : RHP Justin Coney
Batting: RHB Travis Newton 0-0: Called Strike
0-1: Foul Ball, location: 2F
0-2: Strikes out swinging
Batting: RHB Bill Cabrera 0-0: Ball
1-0: Called Strike
1-1: Fly out, F3 (Popup, 3F, EV 65.0 MPH)
Batting: RHB Jon Pierce 0-0: Ball
1-0: Ball
2-0: Ball
3-0: Base on Balls
Pitching: RHP Tim Watson
Batting: RHB Vince Chipman 0-0: Ball
1-0: Called Strike
1-1: Ball
2-1: Ball
3-1: Foul Ball, location: 2F
3-2: Base on Balls
Jon Pierce to second
Batting: RHB Jordan Hall 0-0: Ball
1-0: Called Strike
1-1: Swinging Strike
1-2: SINGLE (Groundball, 56D, EV 109.4 MPH) (infield hit)
Jon Pierce to third
Vince Chipman to second
Batting: RHB Sergio Valbuena 0-0: Ball
1-0: SINGLE (Groundball, 3D, EV 104.4 MPH)
Jon Pierce scores
Vince Chipman to third
Jordan Hall to second
Runner from 3rd tries for Home, SAFE, throw by RF to home
Batting: RHB Rocky Hart 0-0: Ball
1-0: Ball
2-0: Foul Ball, location: 2F
2-1: 3-RUN HOME RUN (Line Drive, 78XD, EV 100.0 MPH), Distance : 413 ft
Pitching: RHP Robin Yelland
Batting: RHB Jamie Bass 0-0: Swinging Strike
0-1: Called Strike
0-2: Ball
1-2: Strikes out looking
Top of the 6th over - 5 runs, 3 hits, 0 errors, 0 left on base; West Michigan 13 - Quad Cities 1
BOTTOM OF THE 6TH
Quad Cities River Bandits batting - Pitching for West Michigan Whitecaps : RHP Jason Mucci
Batting: RHB Pete Isley 0-0: Ground out 6-3 (Groundball, 6, EV 86.9 MPH)
Batting: RHB Jamie Jennings 0-0: Ball
1-0: Foul Ball, location: 2F
1-1: Ball
2-1: Fly out, F9 (Flyball, 9S, EV 87.5 MPH)
Pitching: RHP Daisuke Tashima
Batting: SHB Paskar Adegoke 0-0: Ground out 4-3 (Groundball, 4M, EV 85.6 MPH)
Bottom of the 6th over - 0 runs, 0 hits, 0 errors, 0 left on base; West Michigan 13 - Quad Cities 1
TOP OF THE 7TH
West Michigan Whitecaps batting - Pitching for Quad Cities River Bandits : RHP Robin Yelland
Batting: RHB Dan Becvar 0-0: Called Strike
0-1: Ball
1-1: Ball
2-1: Swinging Strike
2-2: Ground out 4-3 (Groundball, 4, EV 85.6 MPH)
Batting: RHB Travis Newton 0-0: Ball
1-0: Ball
2-0: Foul Ball, location: 2F
2-1: Swinging Strike
2-2: Ball
3-2: Base on Balls
Batting: RHB Bill Cabrera 0-0: Ball
1-0: Called Strike
1-1: Ball
2-1: Ball
3-1: Called Strike
3-2: Strikes out swinging
Batting: RHB Jon Pierce 0-0: Ball
1-0: Ball
2-0: Swinging Strike
2-1: Ball
3-1: Base on Balls
Travis Newton to second
Batting: RHB Vince Chipman 0-0: Ball
1-0: Ball
2-0: SINGLE (Groundball, 34S, EV 76.9 MPH) (infield hit)
Travis Newton to third
Jon Pierce to second
Batting: RHB Jordan Hall 0-0: Fly out, F7 (Flyball, 78D, EV 86.9 MPH)
Top of the 7th over - 0 runs, 1 hit, 0 errors, 3 left on base; West Michigan 13 - Quad Cities 1
BOTTOM OF THE 7TH
Quad Cities River Bandits batting - Pitching for West Michigan Whitecaps : RHP Daisuke Tashima
Batting: RHB Colin Cranford 0-0: Fly out, F4 (Line Drive, 4, EV 68.8 MPH)
Batting: RHB Steve Moore 0-0: Foul Ball, location: 2F
0-1: Ball
1-1: Ground out 1-3 (Groundball, 13S, EV 74.4 MPH)
Batting: RHB Ben Glavich 0-0: Ball
1-0: Foul Ball, location: 2F
1-1: SINGLE (Groundball, 6M, EV 83.8 MPH) (infield hit)
Batting: LHB Ray Fernandez 0-0: SINGLE (Flyball, 78S, EV 93.8 MPH)
Ben Glavich to second
Batting: LHB Dylan LaRose 0-0: Called Strike
0-1: Ball
1-1: Ball
2-1: Foul Ball, location: 2F
2-2: Foul Ball, location: 2F
2-2: Ground out 4-3 (Groundball, 4, EV 80.0 MPH)
Bottom of the 7th over - 0 runs, 2 hits, 0 errors, 2 left on base; West Michigan 13 - Quad Cities 1
TOP OF THE 8TH
West Michigan Whitecaps batting - Pitching for Quad Cities River Bandits : RHP Robin Yelland
Batting: RHB Sergio Valbuena 0-0: Ball
1-0: Fly out, F8 (Line Drive, 8LD, EV 83.8 MPH)
Batting: RHB Rocky Hart 0-0: Ground out 3-1 (Groundball, 34, EV 81.9 MPH)
Batting: RHB Jamie Bass 0-0: Ball
1-0: Ball
2-0: Ball
3-0: Base on Balls
Batting: RHB Dan Becvar 0-0: Called Strike
0-1: Called Strike
0-2: Ball
1-2: Ball
2-2: SINGLE (Line Drive, 34D, EV 94.4 MPH)
Jamie Bass to second
Batting: RHB Travis Newton 0-0: Ground out U3 (Groundball, 34, EV 85.0 MPH)
Top of the 8th over - 0 runs, 1 hit, 0 errors, 2 left on base; West Michigan 13 - Quad Cities 1
BOTTOM OF THE 8TH
Quad Cities River Bandits batting - Pitching for West Michigan Whitecaps : RHP Daisuke Tashima
Batting: RHB Joe Cook 0-0: Called Strike
0-1: Ball
1-1: DOUBLE (Line Drive, 89D, EV 110.0 MPH)
Batting: RHB Pete Isley 0-0: Foul Ball, location: 2F
0-1: Ball
1-1: Ball
2-1: Ball
3-1: Ground out 5-3 (Groundball, 56S, EV 67.5 MPH)
Joe Cook to third
Pitching: RHP Dave Frazier
Batting: RHB Jamie Jennings 0-0: Ball
1-0: Ball
2-0: Swinging Strike
2-1: Ball
3-1: Ground out 6-3 (Groundball, 6, EV 111.9 MPH)
Joe Cook scores
Batting: SHB Paskar Adegoke 0-0: Ball
1-0: Swinging Strike
1-1: Called Strike
1-2: Foul Ball, location: 2F
1-2: Fly out, F8 (Flyball, 8LS, EV 83.1 MPH)
Bottom of the 8th over - 1 run, 1 hit, 0 errors, 0 left on base; West Michigan 13 - Quad Cities 2
TOP OF THE 9TH
West Michigan Whitecaps batting - Pitching for Quad Cities River Bandits : RHP Robin Yelland
Batting: RHB Bill Cabrera 0-0: Ball
1-0: Swinging Strike
1-1: Foul Ball, location: 2F
1-2: Ball
2-2: Foul Ball, location: 2F
2-2: Strikes out looking
Batting: RHB Jon Pierce 0-0: Foul Ball, location: 2F
0-1: Ball
1-1: Ball
2-1: Fly out, F8 (Line Drive, 8RD, EV 108.8 MPH)
Batting: RHB Vince Chipman 0-0: Ball
1-0: Called Strike
1-1: Foul Ball, location: 2F
1-2: Strikes out swinging
Top of the 9th over - 0 runs, 0 hits, 0 errors, 0 left on base; West Michigan 13 - Quad Cities 2
BOTTOM OF THE 9TH
Quad Cities River Bandits batting - Pitching for West Michigan Whitecaps : RHP Dave Frazier
Batting: RHB Colin Cranford 0-0: Ball
1-0: Foul Ball, location: 2F
1-1: Ball
2-1: SINGLE (Groundball, 5S, EV 67.5 MPH) (infield hit)
Batting: RHB Steve Moore 0-0: Ball
1-0: Ball
2-0: DOUBLE (Line Drive, 7LM, EV 92.5 MPH)
Colin Cranford to third
Batting: RHB Ben Glavich 0-0: Ball
Wild Pitch!
Colin Cranford scores
Steve Moore to third
1-0: Ball
2-0: Ball
3-0: Base on Balls
Pitching: RHP Brian Southworth
Batting: LHB Ray Fernandez 0-0: Ground out 6-3 (Groundball, 56, EV 105.6 MPH)
Steve Moore scores
Ben Glavich to second
Batting: LHB Dylan LaRose 0-0: Ground out U3 (Groundball, 3L, EV 83.8 MPH)
Ben Glavich to third
Batting: RHB Joe Cook 0-0: Ball
1-0: Swinging Strike
1-1: Foul Ball, location: 2F
1-2: Ground out 6-3 (Groundball, 6, EV 90.0 MPH)
Bottom of the 9th over - 2 runs, 2 hits, 0 errors, 1 left on base; West Michigan 13 - Quad Cities 4
Thursday, March 31st , 2022 - OOTP Baseball 22.12 Build 89